 Dungeon Crawl Stone Soup version 0.27.0-1-g7a089689b8 (webtiles) character file.

Game seed: 11113554856080506530

582 Leeroy the Ducker (level 7, -2/49 HPs)
             Began as a Djinni Warper on Aug 6, 2021.
             Slain by an orc wizard (3 damage)
             ... on level 3 of the Dungeon.
             The game lasted 00:06:46 (5093 turns).

Leeroy the Ducker (Djinni Warper)                   Turns: 5093, Time: 00:06:47

Health: -2/49      AC:  3    Str: 10    XL:     7   Next: 63%
Gold:   209        EV: 13    Int: 17    God:
                   SH:  0    Dex: 12

rFire    + . .     SeeInvis .   E - +0 great sword
rCold    . . .     Faith    .   (shield currently unavailable)
rNeg     . . .     Spirit   .   b - +0 leather armour
rPois    ∞         Reflect  .   (no helmet)
rElec    .         Harm     .   (no cloak)
rCorr    .         Rampage  .   (no gloves)
Will     .....                  (boots unavailable)
Stlth    +.........             (no amulet)
HPRegen  0.16/turn              e - ring of ice
MPRegen  0.00/turn              (no ring)

@: flying
A: sickness immunity, fire resistance 2, cold vulnerability 1, float, innate
caster, hp casting, extra vitality 1
a: no special abilities


You were on level 3 of the Dungeon.
You visited 1 branch of the dungeon, and saw 4 of its levels.
You also visited: Sewer.

You collected 209 gold pieces.

Inventory:

Hand Weapons
 a - a +0 falchion
 x - a +0 short sword of venom
 y - a +3 hand crossbow
 D - a +0 rapier
 E - a +0 great sword (weapon)
Missiles
 d - 5 boomerangs of dispersal
 n - 15 poisoned darts (quivered)
 q - a curare-tipped dart
 z - 19 bolts
 B - 3 boomerangs
Armour
 b - a +0 leather armour (worn)
 l - a +0 buckler
Jewellery
 e - a ring of ice (left hand)
Scrolls
 f - 4 scrolls of identify {unknown}
 g - 2 scrolls of fear {unknown}
 k - 2 scrolls of teleportation {unknown}
 m - 2 scrolls of amnesia {unknown}
 o - a scroll of magic mapping {unknown}
 p - a scroll of summoning {unknown}
 v - 2 scrolls of enchant armour {unknown}
 w - a scroll of brand weapon {unknown}
 C - a scroll of vulnerability {unknown}
Potions
 c - a potion of berserk rage {unknown}
 h - a potion of attraction {unknown}
 j - 2 potions of mutation {unknown}
 r - a potion of haste {unknown}
 s - a potion of heal wounds {unknown}
 t - a potion of might {unknown}
 u - a potion of cancellation {unknown}
 A - a potion of invisibility {unknown}


   Skills:
 - Level 2.0 Fighting
 - Level 4.0 Long Blades
 - Level 0.7 Throwing
 - Level 1.0 Armour
 - Level 6.3 Dodging
 + Level 3.6 Spellcasting


You couldn't memorise any spells.
You knew the following spells:

 Your Spells              Type           Power      Damage    Failure   Level
a - Blink                 Tloc           N/A        N/A       8%          2
b - Lesser Beckoning      Tloc           7%         N/A       16%         3
c - Gell's Gravitas       Tloc           7%         N/A       16%         3
d - Teleport Other        Tloc           15%        N/A       16%         3
e - Manifold Assault      Tloc           15%        N/A       80%         5
f - Corona                Hex            16%        N/A       4%          1
g - Call Imp              Summ           15%        N/A       8%          2
h - Searing Ray           Conj           30%        3d4       8%          2
Your spell library was empty.

Dungeon Overview and Level Annotations

Branches:
Dungeon (4/15)             Temple (0/1) D:4           Sewer (visited)

Altars:


Innate Abilities, Weirdness & Mutations

You are immune to sickness and miasma.
You are immune to poison.
Your flesh is very heat resistant. (rF++)
You are vulnerable to cold. (rC-)
You float through the air rather than walking.
You learn spells naturally, not from books.
Your magical power is your life essence.
You have superior vitality. (+4 HP)


Message History

Press: ? - help, Q - select action, (/) - cycle Shift-Dir - straight line, f - orc
Aim: an orc, wielding a +0 club (ally target, 57% to hit)
You throw a poisoned dart.
You hear some strange, mumbled words.
You are confused.
You miss something. Something hits you. Something hits you but does no damage.
The orc closely misses you.
Your iron imp closely misses the orc.
Are you sure you want to stumble around while confused and next to your iron imp?
Okay, then.
You hear some strange, mumbled words.
You are more confused.
The orc hits you with a +0 club.
Your iron imp closely misses the orc.
Something barely misses you. The orc closely misses you.
Your iron imp hits the orc!
The orc dies!
Are you sure you want to stumble around while confused and next to your iron imp?
Okay, then.
Something hits you. Something hits you.
* * * LOW HITPOINT WARNING * * *
Something hits you.
* * * LOW HITPOINT WARNING * * *
What are your orders? t - Shout!
Anything else - Cancel.
You shout for attention!
You hear some strange, mumbled words.
Something tries to affect you, but you resist.
Something hits you.
* * * LOW HITPOINT WARNING * * *
Are you sure you want to stumble around while confused and next to your iron imp?
You bump into the rock wall.
You hear some strange, mumbled words.
A magic dart appears from out of thin air!
The magic dart hits you!
* * * LOW HITPOINT WARNING * * *
You are too confused!
It was a potion of magic.
Magic courses through your body.
You feel less confused. Something hits you.
You die...

....## #.# ^.# ...##
#.# ##..### #.## #.#
#...<.. #.###########
#.# #..(# #........).o#
#.# #÷..# ###########.#
#.# #...# #.# #.# #...#
#.####5##########...#
#....)@...>.........#
######{.............###
##############....
#####


You could see a friendly iron imp (summoned).

Vanquished Creatures
  Grinder (D:4)
  3 kobold brigands (Sewer)
  A scorpion (D:4)
  3 adders
  3 river rats (Sewer)
  2 worms (D:2)
  2 dart slugs (D:1)
  2 orcs
  9 ball pythons
  10 endoplasms
  5 giant cockroaches
  9 goblins
  3 hobgoblins
  11 kobolds
  5 quokkas
  4 bats
  3 frilled lizards
  8 rats
84 creatures vanquished.

Vanquished Creatures (collateral kills)
  An orc priest (D:4)
  3 orcs
  A kobold (D:4)
5 creatures vanquished.

Grand Total: 89 creatures vanquished

Notes
Turn   | Place    | Note
-------+----------+-------------------------------------------
     0 | D:1      | Leeroy the Djinni Warper began the quest for the Orb.
     0 | D:1      | Reached XP level 1. HP: 18/18 MP: 0/0
    22 | D:1      | You are sucked into a shaft and drop 1 floor!
    76 | D:2      | Reached XP level 2. HP: 23/23 MP: 0/0
   372 | D:1      | Reached XP level 3. HP: 28/28 MP: 0/0
   372 | D:1      | Learned a level 1 spell: Corona
  1387 | D:2      | Reached XP level 4. HP: 21/33 MP: 0/0
  2049 | D:3      | You are sucked into a shaft and drop 1 floor!
  2194 | D:4      | Found a glowing drain.
  2331 | Sewer    | Entered a sewer
  2429 | Sewer    | Noticed a kobold brigand
  2429 | Sewer    | Noticed a kobold brigand
  2441 | Sewer    | Killed a kobold brigand
  2442 | Sewer    | Reached skill level 4 in Dodging
  2442 | Sewer    | Reached XP level 5. HP: 28/38 MP: 0/0
  2442 | Sewer    | Learned a level 2 spell: Call Imp
  2988 | Sewer    | Killed a kobold brigand
  2989 | Sewer    | Reached XP level 6. HP: 29/43 MP: 0/0
  3166 | Sewer    | Reached skill level 5 in Dodging
  4022 | D:4      | Reached skill level 6 in Dodging
  4022 | D:4      | Reached XP level 7. HP: 49/49 MP: 0/0
  4022 | D:4      | Learned a level 2 spell: Searing Ray
  4171 | D:4      | Noticed Grinder
  4182 | D:4      | Found a staircase to the Ecumenical Temple.
  4194 | D:4      | Killed Grinder
  5092 | D:3      | HP: 1/49 [something/magic dart (9)]
  5093 | D:3      | Slain by an orc wizard

Illustrated notes

Levels and vault maps discovered:
D:1:      mrwooster_arrival_statue, layout_basic, hangedman_decor_opposing,
          minmay_tripent
D:2:      layout_loops_ring
D:3:      minmay_door_path, layout_loops_ring
D:4:      layout_gridville, minmay_temple_entry_offerings, portal_sewer_entry_f,
          hex_tiny, uniq_grinder

Skill      XL: |  1  2  3  4  5  6  7 |
---------------+----------------------+-----
Long Blades    | 2 3 4 |  4.0
Dodging        | 4 6 |  6.3
Spellcasting   | 3 |  3.6
Fighting       | |  2.0
Throwing       | |  0.7
Armour         | |  1.0

Action                   |  1- 3 |  4- 6 |  7- 9 || total
-------------------------+-------+-------+-------++-------
Melee: Falchion          |   108 |   177 |       ||   285
       Short sword       |       |     2 |    29 ||    31
       Great sword       |       |       |    28 ||    28
Throw: Dart              |       |    13 |     2 ||    15
 Cast: Call Imp          |       |       |     6 ||     6
       Blink             |       |       |     1 ||     1
  Use: Scroll            |       |       |     1 ||     1
       Potion            |       |       |     1 ||     1
 Stab: Sleeping          |     1 |       |     2 ||     3
Armor: Leather armour    |    29 |    23 |    15 ||    67
Dodge: Dodged            |    67 |   106 |    28 ||   201
       Rpst.: Falchion   |    24 |    35 |       ||    59
       Great sword       |       |       |     7 ||     7
